[Event "Baku Open 2024"]
[Site "Baku"]
[Date "2024.07.05"]
[Round "7.19"]
[White "Mohamed Anees M"]
[Black "Shyam, Sundar M."]
[Result "0-1"]
[ECO "C60"]
[WhiteElo "2306"]
[BlackElo "2493"]
[Annotator "TA"]
[PlyCount "64"]
[EventDate "2024.06.29"]
[EventType "swiss"]
[EventCountry "AZE"]
[SourceTitle "playchess.com"]
[Source "ChessBase"]
[SourceQuality "1"]
[TimeControl "5400+30"]

1. e4 e5 2. Nf3 Nc6 3. Bb5 g6 4. O-O Bg7 5. c3 a6 6. Ba4 d6 7. h3 Nf6 8. d4 Bd7 9. Re1 O-O 10. d5 {[%emt 0:03:32] White is slightly better.} Ne7 11. Bxd7 Nxd7 12. c4 h6 13. Nc3 f5 14. exf5 (14. a4 $14) 14... gxf5 $15 15. Nh2 Kh7 16. Nf1 (16. Be3 $15 {feels stronger.}) 16... e4 $17 17. f3 (17. Ng3 $17 {keeps fighting.}) 17... Ne5 (17... exf3 $1 $19 18. Qxf3 Ne5) 18. Nh2 N7g6 $1 (18... Nxc4 $6 19. fxe4 Bxc3 20. bxc3 $11) (18... Nd3 19. Re2 $11) 19. fxe4 f4 {[%emt 0:09:36] Hoping for ...f3.} (19... Nxc4 $6 20. exf5 Rxf5 21. Re4 $11) 20. Rf1 {[%emt 0:00:00] [#]} Qh4 $1 {[%emt 0:04:17] Threatens to win with ...f3.} (20... Nxc4 $6 21. Qc2 $11) 21. Bd2 {[%emt 0:00:00] [#]} Rf7 $1 {[%emt 0:07:45][%cal Oa8f8] Black is more active.} ({Don't do} 21... Nxc4 22. Nf3 Qe7 23. Qc2 $15) 22. Qe1 (22. Be1 $17 Qg5 23. Qe2 (23. Nf3 $2 Nxf3+ 24. Qxf3 Bd4+ 25. Bf2 Ne5 $19)) 22... f3 $19 ({And not} 22... Nxc4 23. Qxh4 Nxh4 24. Bxf4 $11) 23. Qxh4 Nxh4 24. g3 Nxc4 25. Rad1 (25. Be1 Rg8 26. g4 Bd4+ (26... Nxb2 27. Bxh4 Bxc3 28. Rxf3 $15) 27. Bf2 Bxc3 28. bxc3) 25... Rg8 {[%emt 0:01:13] aiming for ...Bxc3. Black is clearly winning.} 26. Ng4 h5 27. gxh4 hxg4 28. hxg4 Bxc3 29. bxc3 Rxg4+ 30. Kh1 Rxh4+ 31. Kg1 Rg7+ 32. Kf2 Rh2+ {[%emt 0:00:02] Weighted Error Value: White=0.61/Black=0.25 (precise) .  Mistake:       	White=5     	Black=1      Inaccurate:     	White=2     	---        OK:         	White=7     	Black=8      Best:        	---       	Black=2      Strong:       	---       	Black=3} 0-1

[Event "Baku Open 2024"]
[Site "Baku"]
[Date "2024.07.05"]
[Round "7.20"]
[White "Kurmangaliyeva, Liya"]
[Black "Aradhya, Garg"]
[Result "1/2-1/2"]
[ECO "D15"]
[WhiteElo "2282"]
[BlackElo "2418"]
[Annotator "TA"]
[PlyCount "64"]
[EventDate "2024.06.29"]
[EventType "swiss"]
[EventCountry "AZE"]
[SourceTitle "playchess.com"]
[Source "ChessBase"]
[SourceQuality "1"]
[TimeControl "5400+30"]

1. d4 d5 2. c4 c6 3. Nf3 Nf6 4. Nc3 dxc4 5. g3 g6 6. e4 {[%emt 0:01:06][%mdl 1024] White has compensation.} b5 7. h4 Bg4 8. e5 {[%emt 0:02:53] Black is slightly better.} Nd5 9. a4 Nb4 {[%emt 0:07:42] [#] Strongly threatening ...Bxf3.} 10. Be2 Bxf3 11. Bxf3 {[%emt 0:01:28] Threatens to win with 0-0.} Nd3+ 12. Kf1 b4 (12... Qxd4 13. Be3 Qd7 (13... Qxe5 14. axb5 Qd6 15. Qa4 $16) 14. axb5 $16) 13. Ne2 {[%emt 0:01:09] Black must now prevent Qc2.} Nxe5 $1 {[%emt 0:00:26] A dynamic duo of knights.} 14. Be4 Bg7 15. Qc2 b3 16. Qc3 Ng4 17. Bf3 (17. h5 $14) 17... h5 $11 18. Qxc4 O-O 19. Bg5 (19. Bxc6 $2 Nxc6 20. Qxc6 Bxd4 $19) 19... Nd7 20. Bxg4 hxg4 21. h5 $1 Nb6 22. Qxb3 Qd5 (22... Nd5 {simplifies} 23. Rc1 Qd7 24. Qc2 Qe6) 23. Qxd5 Nxd5 24. hxg6 fxg6 25. Rh4 Rab8 26. Rb1 Rb4 27. Rxg4 Rxa4 28. Bd2 Rf6 29. Nc3 Nxc3 30. Bxc3 c5 31. Re1 Rf7 (31... cxd4 $11 32. b3 (32. Rxe7 Ra1+ 33. Be1 Bf8 $11) (32. Bxd4 e5 $17) (32. Rxd4 Rxf2+ 33. Kxf2 Bxd4+ 34. Bxd4 Rxd4 $11) 32... Ra2 33. Bxd4 (33. Rxd4 $2 {too greedy.} Rfxf2+ 34. Kg1 Rg2+ 35. Kh1 Bxd4 $19) 33... e5 34. Rxe5 (34. Bxe5 Rfxf2+ 35. Kg1 Rg2+ 36. Kh1 Bxe5 $11) 34... Rfxf2+ 35. Bxf2 Bxe5) 32. Ree4 ({Better is} 32. Rxg6 $16 Kh7 33. Rxg7+ Kxg7 34. dxc5+ Kg8 35. Re5) 32... cxd4 {[%emt 0:00:39] Weighted Error Value: White=0.12 (very precise) /Black=0.12 (very precise) .  Mistake:       	White=2     	Black=1      Inaccurate:     	White=2     	Black=3      OK:         	White=15    	Black=9      Best:        	White=1     	Black=1      Strong:       	White=1     	Black=1} 1/2-1/2

[Event "Baku Open 2024"]
[Site "Baku"]
[Date "2024.07.05"]
[Round "7.21"]
[White "Suleimen, Ergali"]
[Black "Ahmad, Khagan"]
[Result "1-0"]
[ECO "B90"]
[WhiteElo "2254"]
[BlackElo "2401"]
[Annotator "TA"]
[PlyCount "55"]
[EventDate "2024.06.29"]
[EventType "swiss"]
[EventCountry "AZE"]
[SourceTitle "playchess.com"]
[Source "ChessBase"]
[SourceQuality "1"]
[TimeControl "5400+30"]

1. e4 c5 2. Nf3 d6 3. d4 cxd4 4. Nxd4 Nf6 5. Nc3 a6 6. Be3 e5 7. Nb3 Be7 8. Rg1 Be6 9. g4 h6 10. Qf3 {[%emt 0:02:19] White has an edge.} Nbd7 11. O-O-O Nh7 12. Nd5 Bg5 13. Kb1 O-O 14. Qg3 Bxd5 15. exd5 b5 16. Bd3 a5 (16... Bh4 $14 17. Qh3 Bg5) 17. Bxg5 hxg5 18. Rh1 {[%emt 0:08:07][%cal Oh2h4] Black must now prevent h4! White has more active pieces.} g6 19. h4 {[%emt 0:07:08] Strongly threatening h5.} gxh4 {[%emt 0:17:43] Black cannot hold the game after this.} (19... Kg7 $16) 20. Rxh4 $18 Ng5 $2 (20... a4 {keeps fighting.}) 21. Rdh1 (21. Bxb5 a4 $18) 21... a4 22. Nd4 {[%emt 0:01:39][%cal Of2f4] Threatens to win with f4!} Kg7 (22... Qf6 $142 23. Nf5 (23. Nxb5 Kg7 $16) (23. Bxb5 Rfb8 $18) 23... gxf5) 23. f4 (23. Nxb5 Qf6 $16) 23... exf4 24. Qxf4 Ne5 {[%emt 0:02:20] [#]} 25. Bxg6 $1 {[%emt 0:05:36][%mdl 512] White mates.} Nxg6 26. Nf5+ Kg8 {[%emt 0:00:01] [#]} 27. Rh7 $3 Re8 28. Rg7+ {[%emt 0:00:26][%mdl 32768] Weighted Error Value: White=0.02 (flawless) /Black=0.61.  Loses game:     	---       	Black=1      Mistake:       	---       	Black=3      Inaccurate:     	---       	Black=1      OK:         	White=5     	Black=3      Best:        	White=3     	Black=1     . Loss on time!?} (28. Qxd6 $2 {loses.} Qxd6 (28... Nxh7 29. Nh6+ Kg7 30. Nf5+ Kh8 31. Qh2 $19) 29. Nxd6 Nxh7 $19) 1-0

[Event "Baku Open 2024"]
[Site "Baku"]
[Date "2024.07.05"]
[Round "7.22"]
[White "Valiyev, Shahin"]
[Black "Soham Kamotra"]
[Result "0-1"]
[ECO "B89"]
[WhiteElo "2244"]
[BlackElo "2388"]
[Annotator "TA"]
[PlyCount "67"]
[EventDate "2024.06.29"]
[EventType "swiss"]
[EventCountry "AZE"]
[SourceTitle "playchess.com"]
[Source "ChessBase"]
[SourceQuality "1"]
[TimeControl "5400+30"]

1. e4 c5 2. Nf3 d6 3. d4 cxd4 4. Nxd4 Nf6 5. Nc3 Nc6 6. Bc4 e6 7. Be3 Bd7 8. Qe2 a6 9. a3 Rc8 10. f3 Be7 11. Ba2 {[%emt 0:00:00] The position is equal.} b5 12. g4 Qa5 13. Nb3 Qc7 14. g5 Nh5 15. f4 g6 16. f5 O-O 17. f6 Bd8 18. Nd2 ({Better is} 18. O-O-O $15) 18... Qb7 19. Nf1 (19. Nf3 $142) 19... b4 20. axb4 Qxb4 21. Bb3 {[%emt 0:00:00][%cal Oa1a4] [#]} Na5 $1 22. Ng3 Nxb3 23. cxb3 Bb5 (23... Qxb3 24. Nxh5 Rxc3 (24... gxh5 25. O-O $11) 25. bxc3 $14) (23... d5 $17 {Threatens to win with ...d4.} 24. Qd2 (24. Nxh5 d4 $17) 24... Nxg3 (24... Qxb3 25. Nxh5 gxh5 26. O-O $15) 25. hxg3 Bc7 (25... Qxb3 26. Rxh7 Kxh7 27. Qh2+ Kg8 28. Qh6)) 24. Qd1 $15 {[%emt 0:00:00] [#]} Nxf6 25. gxf6 $11 Bxf6 26. Bd2 Be5 $36 {[%emt 0:02:03][%mdl 2048] White is under pressure. This pair of bishops is nice.} 27. Kf2 (27. Nxb5 $11 Qxb5 28. Rf1) 27... f5 {[%emt 0:01:40] Chess con chili. Black is more active.} 28. exf5 {[%emt 0:00:20][%mdl 8192] Now White is beyond hope.} (28. Nxb5 $17 Qc5+ (28... Qxb5 29. Rf1 $17) (28... fxe4+ 29. Kg2 $11) 29. Ke1 Qxb5 30. Rf1) 28... Bc6 $19 ({Inferior is} 28... gxf5 29. Nxb5 Qxb5 30. Ne2 $16) 29. Nce2 $2 (29. Qf1 Qh4 (29... gxf5 30. Rg1 $19) (29... exf5 $2 30. Qc4+ Qxc4 31. bxc4 $19) 30. Ke2) 29... Qh4 30. Ra4 Rxf5+ 31. Kg1 Qh3 {[%emt 0:00:31][%csl Gc6][%cal Rh3g2] Black mates.} 32. Re4 Bxe4 33. Nxe4 Rcf8 34. N2g3 {[%emt 0:01:03] Weighted Error Value: White=0.88/Black=0.09 (flawless) .  Loses game:     	White=1     	---        Mistake:       	White=4     	Black=2      Inaccurate:     	White=3     	---        OK:         	White=8     	Black=9      Best:        	---       	Black=1} 0-1

[Event "Baku Open 2024"]
[Site "Baku"]
[Date "2024.07.05"]
[Round "7.23"]
[White "Iskandarov, Misratdin"]
[Black "Wagh Suyog"]
[Result "1-0"]
[ECO "B10"]
[WhiteElo "2524"]
[BlackElo "2230"]
[Annotator "TA"]
[PlyCount "89"]
[EventDate "2024.06.29"]
[EventType "swiss"]
[EventCountry "AZE"]
[SourceTitle "playchess.com"]
[Source "ChessBase"]
[SourceQuality "1"]
[TimeControl "5400+30"]

1. e4 c6 2. Nf3 d5 3. d3 dxe4 4. dxe4 Qxd1+ 5. Kxd1 Nf6 6. Nfd2 g6 7. f3 Bh6 8. b3 {[%emt 0:01:48] White is slightly better.} Be6 9. a4 Nbd7 10. Ba3 Bf4 11. Bc4 Bxc4 ({Black should play} 11... Nf8 $15) 12. Nxc4 $11 Ne5 13. Ncd2 Ned7 14. Ke2 h5 15. Nc4 h4 16. Nbd2 Bc7 17. Bb2 Rh5 18. Bd4 Nf8 19. Be3 a5 20. Nb2 (20. g4 hxg3 21. hxg3 Bxg3 $15) 20... Ne6 21. Nd3 O-O-O 22. c3 Nd7 23. Rad1 Bb6 (23... f5 {is interesting.} 24. h3 Nf6 25. Rhe1 Rd7) 24. Nc4 Bxe3 25. Kxe3 Kc7 26. b4 axb4 27. cxb4 f6 28. Rd2 Rhh8 29. a5 Nb8 30. Rc1 Rd7 (30... Na6 $14) 31. Nb6 $18 Rd6 32. e5 ({White should try} 32. Rb2 $18) 32... fxe5 $1 $14 33. Nc4 $40 {[%emt 0:05:29][%mdl 128] White mounts an attack. White is more active.} Rdd8 (33... Nd4 $14) 34. Ncxe5 $18 (34. Ndxe5 Rxd2 35. Nxd2 g5 $16) 34... Rhg8 35. b5 Rd5 36. bxc6 bxc6 37. Ra2 {[%emt 0:00:00] Hoping for a6.} Kb7 (37... Nd4 {keeps fighting.} 38. Rc5 Nf5+ 39. Kf4 Nd4) 38. a6+ Nxa6 $2 {[%emt 0:00:26] [#]} (38... Ka8 39. a7 (39. Nxc6 Nxc6 40. Rxc6 Nd4 $18) 39... Nd7) 39. Rxa6 $1 Kxa6 40. Rxc6+ ({Worse is} 40. Nxc6 Rd6 $15) 40... Kb5 41. Rxe6 g5 42. Rxe7 Rdd8 (42... Rd6 $18 43. g4 hxg3 44. hxg3 Ra6) 43. Rb7+ {[%emt 0:00:11] White mates.} Ka4 44. Nc5+ Ka3 45. Nc4+ {[%emt 0:00:05] Weighted Error Value: White=0.12 (very precise) /Black=0.43.  Mistake:       	White=1     	Black=6      Inaccurate:     	White=4     	Black=4      OK:         	White=14    	Black=12     Best:        	White=3     	---        Strong:       	---       	Black=1      Brilliant:      	White=1     	---} 1-0

[Event "Baku Open 2024"]
[Site "Baku"]
[Date "2024.07.05"]
[Round "7.24"]
[White "Tsaruk, Maksim"]
[Black "Tregubenko, Nikolay"]
[Result "1/2-1/2"]
[ECO "B21"]
[WhiteElo "2480"]
[BlackElo "2246"]
[Annotator "TA"]
[PlyCount "107"]
[EventDate "2024.06.29"]
[EventType "swiss"]
[EventCountry "AZE"]
[SourceTitle "playchess.com"]
[Source "ChessBase"]
[SourceQuality "1"]
[TimeControl "5400+30"]

1. e4 c5 2. Be2 d6 3. f4 g6 4. Nf3 Bg7 5. O-O Nc6 6. d3 e6 7. c3 Nge7 8. Be3 O-O 9. d4 d5 10. e5 cxd4 11. cxd4 Bd7 12. Nc3 f6 13. g4 Na5 14. b3 $1 {[%emt 0:23:18] Against Nc4. White is more active.} a6 15. Qd2 Rc8 16. Nd1 Qb6 17. Nb2 Bb5 18. Nd3 Bxd3 19. Bxd3 Nac6 20. Rae1 Rc7 21. Bb1 (21. exf6 $16 Bxf6 22. Qf2) 21... Rfc8 (21... f5 $1 $14) 22. Bf2 (22. exf6 $1 $16 Bxf6 23. Kg2) 22... Nb4 (22... f5 $11) 23. exf6 $16 Bxf6 24. Qe2 Rc3 25. Qxe6+ ({White should try} 25. Kg2 $16) 25... Qxe6 $14 26. Rxe6 {[%emt 0:00:01] aiming for Be1.} R8c6 (26... Kf7 $16 27. Re3 Rxe3 28. Bxe3 Nc2) 27. Re3 (27. Rxc6 $1 $18 Nexc6 28. Be1) 27... Nc2 28. Rxc3 Rxc3 29. Ne5 Nc6 30. Nxc6 bxc6 31. Rc1 Nxd4 32. Rxc3 Ne2+ 33. Kg2 Nxc3 {[%emt 0:00:39][%mdl 4096] Endgame. KBB-KBN} 34. Bd3 Nxa2 35. Bxa6 Kf7 36. Bb7 Nb4 37. Be1 c5 38. g5 Be7 39. Kf3 Kg7 40. h4 Bd6 41. Bd2 c4 {[%emt 0:03:28] [#]} ({Black should play} 41... Kf8 $14) 42. Bc3+ (42. bxc4 $142 $1 dxc4 43. Be4) 42... Kf8 $16 43. bxc4 dxc4 44. Be4 {[%emt 0:00:09] And now f5 would win.} Nd3 45. f5 Ne5+ {[%emt 0:02:37] [#]} (45... Be5 $16 {was necessary.} 46. Ba5 gxf5 47. Bxf5 Kg7) 46. Ke3 $2 (46. Bxe5 $1 $18 Bxe5 47. fxg6) 46... gxf5 $1 $11 47. Bxf5 {[%emt 0:00:05] A strong pair of Bishops.} Ng6 48. Be1 Be7 49. Kd4 Nxh4 50. Bxh4 h6 51. Kxc4 Bxg5 52. Bxg5 hxg5 53. Kd5 (53. Kd4 $5) 53... g4 54. Bxg4 {[%emt 0:00:04] Weighted Error Value: White=0.17 (very precise) /Black=0.18 (very precise) .  Missed win:     	White=1     	---        Mistake:       	White=5     	Black=5      Inaccurate:     	White=1     	Black=3      OK:         	White=20    	Black=11     Best:        	White=4     	Black=5      Strong:       	White=1     	Black=1} 1/2-1/2

[Event "Baku Open 2024"]
[Site "Baku"]
[Date "2024.07.05"]
[Round "7.25"]
[White "Davidov, Samir"]
[Black "Salimova, Nurgyul"]
[Result "1/2-1/2"]
[ECO "D00"]
[WhiteElo "2244"]
[BlackElo "2436"]
[Annotator "TA"]
[PlyCount "110"]
[EventDate "2024.06.29"]
[EventType "swiss"]
[EventCountry "AZE"]
[SourceTitle "playchess.com"]
[Source "ChessBase"]
[SourceQuality "1"]
[TimeControl "5400+30"]

1. d4 Nf6 2. Bf4 d5 3. e3 c5 4. c3 Nc6 5. Nd2 Qb6 6. Qb3 c4 7. Qc2 g6 8. e4 {[%emt 0:10:16] Prevents Bf5. White is slightly better.} Nxe4 9. Nxe4 dxe4 10. d5 (10. Qxe4 Qxb2 11. Rd1 Qxc3+ 12. Bd2 Qxd4 13. Qxd4 Nxd4 $15) 10... Nb8 (10... Na5 $1 $11) 11. Bxc4 $16 Bf5 12. Be3 Qc7 13. Be2 {[%emt 0:00:45] aiming for Qa4+.} Bg7 14. Rd1 h5 15. Nh3 Nd7 16. Ng5 Nf6 (16... O-O $14) 17. Bb5+ Kf8 18. Qb3 {[%emt 0:00:37][%cal Od5d6] d6! is the strong threat. White has more active pieces.} Qd6 {[%emt 0:06:38] [#]} 19. h3 {[%emt 0:04:17] Dodges Ng4} Bh6 20. g3 (20. Ba4 $16) 20... Bxg5 21. Bxg5 Nd7 22. Bxd7 Qxd7 {[%emt 0:01:37] [#] Black is weak on the dark squares} 23. d6 $1 f6 $1 24. dxe7+ Qxe7 25. Bf4 {[%emt 0:00:03] Threatens to win with Bd6.} Kg7 26. Bd6 Qf7 27. Qxf7+ Kxf7 28. Kd2 e3+ 29. fxe3 b6 {[%emt 0:00:41] Against Bc5} 30. Kc1 Rae8 31. h4 Rxe3 32. Bf4 Re2 33. Rd2 Rxd2 34. Kxd2 $11 {[%emt 0:00:10][%mdl 4096] Endgame. KRB-KRB} Rd8+ 35. Kc1 Be6 36. b3 Rd5 37. Rd1 Ra5 38. Kb2 Rd5 (38... Rf5 $11 {deserves consideration.}) 39. Rxd5 $14 Bxd5 {[%emt 0:00:05] KB-KB} 40. c4 Be4 41. b4 Ke6 42. b5 Kd7 43. a4 Bb7 44. Be3 Kc7 {[%emt 0:01:06] [#]} 45. a5 $1 Bf3 (45... Be4 46. a6) 46. Kc3 Be2 47. Bd4 g5 48. Bxf6 gxh4 {[%emt 0:00:05] [#]} 49. Be5+ ({Reject} 49. Bxh4 bxa5 50. Be7 a6 $11) ({White should play} 49. axb6+ $1 $16 Kxb6 50. Bd4+ (50. Bxh4 Kc7 $11) (50. gxh4 a6 $11) 50... Kb7 51. gxh4) 49... Kc8 (49... Kb7 $1 $11) 50. axb6 $16 ({Of course not} 50. gxh4 bxa5 51. Bh8 a4 $11) 50... axb6 51. gxh4 Kb7 52. Kd4 Bf1 53. Kc3 Be2 54. Kd4 Bf1 $1 55. Kc3 Be2 {[%emt 0:00:42] Weighted Error Value: White=0.15 (very precise) /Black=0.13 (very precise) .  Mistake:       	White=2     	Black=4      Inaccurate:     	White=4     	Black=2      OK:         	White=19    	Black=11     Best:        	White=6     	Black=2      Strong:       	---       	Black=2} 1/2-1/2

[Event "Baku Open 2024"]
[Site "Baku"]
[Date "2024.07.05"]
[Round "7.27"]
[White "Saravana, Krishnan P."]
[Black "Fataliyeva, Ulviyya"]
[Result "1/2-1/2"]
[ECO "C47"]
[WhiteElo "2236"]
[BlackElo "2399"]
[Annotator "TA"]
[PlyCount "113"]
[EventDate "2024.06.29"]
[EventType "swiss"]
[EventCountry "AZE"]
[SourceTitle "playchess.com"]
[Source "ChessBase"]
[SourceQuality "1"]
[TimeControl "5400+30"]

1. e4 e5 2. Nf3 Nc6 3. Nc3 Nf6 4. Be2 d5 5. exd5 Nxd5 6. O-O Nxc3 7. bxc3 e4 8. Ne1 Bd6 9. f3 Bf5 10. fxe4 Bxe4 11. Bf3 Bxf3 12. Nxf3 O-O 13. d4 Qd7 14. Rb1 Rab8 15. Qd3 f6 {[%emt 0:07:06] Inhibits Ng5.} 16. Nd2 Nd8 17. Ne4 Be7 18. Qc4+ Kh8 19. a4 a6 20. d5 b5 21. Qd4 Nb7 22. Kh1 (22. axb5 $11 axb5 23. Kh1) 22... Rbd8 23. axb5 axb5 24. c4 c6 25. Rd1 Qf5 26. Re1 Rfe8 {[%emt 0:00:00][%cal Oe7c5] [#] Hoping for ...Bc5!} 27. Be3 Bf8 28. Ng3 (28. Bg1 $1 $11) 28... Qxc2 $17 {[%emt 0:00:00] Strongly threatening ...Nc5.} 29. Qa7 {[%emt 0:00:21] Bb6 would now be deadly.} Nd6 30. dxc6 Nxc4 31. c7 $2 (31. Rec1 $17 {is a better defense.} Qa4 32. Qxa4 bxa4 33. Bf2 (33. Rxc4 Rxe3 34. Ne4 Rb3 $17)) 31... Ra8 $2 (31... Nxe3 $19 32. Qxe3 Rc8 (32... Qxc7 $2 33. Qxe8 Rxe8 34. Rxe8 $19)) 32. Bg1 {[%emt 0:01:20] Black must now prevent Rxe8.} Rec8 ({Not} 32... Rxa7 $2 33. Rxe8 h6 34. Rxf8+ (34. c8=R $2 Qxb1 35. Rxf8+ Kh7 $19) (34. c8=Q Kh7 $18) 34... Kh7 35. c8=Q $18 (35. c8=R $2 {loses.} Ra2 $19)) 33. Qb7 Nd6 34. Qd5 Qxc7 35. Rec1 {[%emt 0:00:16] Inhibits Qc4.} Qd8 {[%emt 0:01:39] And now ...Rxc1 would win.} (35... Qxc1 $2 {perishes.} 36. Rxc1 Rd8 37. Bb6 $18) 36. Rd1 Qe8 37. Bc5 Nc4 38. Re1 Qg6 39. Bxf8 Rxf8 40. Rxb5 Ne5 41. Qe4 Qxe4 42. Nxe4 Ra2 43. Reb1 h6 44. h3 Kh7 45. Rb7 f5 46. Ng3 Rf6 (46... f4 $15 47. Nh5 Kg6 48. Nxg7 Ra6) 47. Rf1 (47. Nh5 $11 Rg6 48. Re1) 47... Kg6 48. Rb5 f4 49. Ne4 {[%emt 0:00:41] [#]} f3 $1 50. Rg1 fxg2+ 51. Rxg2+ Rxg2 52. Kxg2 $15 {[%emt 0:00:18] KRN-KRN} Re6 53. Ng3 Nf7 54. h4 Kf6 55. Nh5+ {[%emt 0:00:21] The position is equal.} Ke7 56. Rb7+ Kf8 57. Rb8+ {[%emt 0:00:14] And White is the lucky defender.   Weighted Error Value: White=0.16 (very precise) /Black=0.15 (very precise) .  Mistake:       	White=4     	Black=2      Inaccurate:     	White=2     	Black=3      OK:         	White=23    	Black=19     Best:        	White=1     	Black=2} 1/2-1/2

[Event "Baku Open 2024"]
[Site "Baku"]
[Date "2024.07.05"]
[Round "7.28"]
[White "Amangeldy, Ernur"]
[Black "Galaktionov, Artem"]
[Result "1-0"]
[ECO "B11"]
[WhiteElo "2223"]
[BlackElo "2358"]
[Annotator "TA"]
[PlyCount "101"]
[EventDate "2024.06.29"]
[EventType "swiss"]
[EventCountry "AZE"]
[SourceTitle "playchess.com"]
[Source "ChessBase"]
[SourceQuality "1"]
[TimeControl "5400+30"]

1. e4 c6 2. Nf3 d5 3. Nc3 Bg4 4. h3 Bxf3 5. Qxf3 Nf6 6. Be2 e6 {[%emt 0:01:18] B11: Caro-Kann: Two Knights Variation.} 7. O-O Bc5 8. Rd1 Bd4 9. d3 O-O 10. Nb1 Nbd7 11. exd5 $146 ({Predecessor:} 11. c3 Bb6 12. Bf4 Bc7 13. Nd2 Qb8 14. Bxc7 Qxc7 15. d4 Nxe4 16. Nxe4 dxe4 17. Qxe4 {½-½ Yemelin,V (2564)-Yevseev,D (2525) St Petersburg-ch 2007 (9)}) 11... exd5 12. c3 Be5 13. d4 Bd6 14. Bd3 Re8 15. Nd2 Qb6 16. b3 Re7 17. Bb2 Rae8 18. c4 Qa5 19. Nf1 Ne4 20. Bxe4 Rxe4 21. Bc3 Qd8 22. cxd5 cxd5 23. Nd2 (23. Ng3 $11) 23... Re2 ({Black should play} 23... R4e6 $15) 24. Qxd5 $14 Nf6 25. Qf3 $1 (25. Qxb7 Nd5 26. Bb2 (26. Qxd5 $2 Bh2+ 27. Kxh2 Qxd5 $19) 26... Qf6 $15) 25... b5 26. Nf1 Nd5 27. Ba5 (27. Qxd5 $2 Bh2+ 28. Nxh2 Qxd5 $19) 27... Qxa5 28. Qxd5 Ba3 {[%emt 0:00:16] [#]} (28... Qd8 $142 29. Qf3 (29. Qxb5 $2 Qf6 $19) 29... h6) 29. Ng3 (29. Ne3 $1 $16) 29... Rc2 30. Qd7 Rd8 31. Qf5 Rcc8 32. Qg4 g6 33. Qe2 Re8 34. Ne4 Kg7 35. Qf3 Qb6 (35... Qd8 $14) 36. d5 $18 f5 37. Ng5 Rc2 38. Ne6+ Kf7 (38... Kg8 $16 {keeps fighting.} 39. Nd4 Rcc8) 39. Re1 h6 $2 (39... Kg8 {was called for.} 40. Re2 Rcc8) 40. Rf1 Bd6 41. h4 $2 (41. Rac1 $18 Rxa2 42. g4) 41... h5 $2 (41... Qa5 $16 42. Qe3 Qd2) 42. Rac1 $18 Rec8 43. Rxc2 Rxc2 44. Qd3 Rc8 45. Qd2 f4 (45... Be5 $142 46. Rd1 (46. Qh6 Rh8 $18) 46... Qd6) 46. Qb2 $18 Bf8 47. Qh8 Ke7 48. Nxf8 Rc2 49. Re1+ Kd8 50. Nxg6+ Kc7 51. Re7+ (51. Nxf4 Qxf2+ (51... Rxa2 52. Re7+ Kd6 53. Qe5+ Kc5 54. Nd3#) 52. Kh1 Qxe1+ (52... Qxh4+ 53. Nh3 $17) 53. Kh2 Qxh4+ 54. Nh3 Kb7 (54... Rxa2 55. Qe5+ Kb6 56. Qd6+ Ka5 57. Qc5 $11) 55. Qh7+ Rc7 $17) 1-0

[Event "Baku Open 2024"]
[Site "Baku"]
[Date "2024.07.05"]
[Round "7.29"]
[White "Aliyev, Ravan"]
[Black "Ahmadov, Fariz"]
[Result "0-1"]
[ECO "D26"]
[WhiteElo "2352"]
[BlackElo "2178"]
[Annotator "TA"]
[PlyCount "96"]
[EventDate "2024.06.29"]
[EventType "swiss"]
[EventCountry "AZE"]
[SourceTitle "playchess.com"]
[Source "ChessBase"]
[SourceQuality "1"]
[TimeControl "5400+30"]

1. d4 d5 2. c4 dxc4 3. Nf3 Nf6 4. e3 e6 5. Bxc4 Be7 6. O-O O-O 7. Qe2 c5 8. Rd1 Qc7 9. dxc5 Bxc5 {[%emt 0:00:10] White is slightly better.} 10. b3 b6 11. Bb2 Bb7 12. Nbd2 Nbd7 13. Rac1 a5 14. a3 Qd8 15. Nd4 Qe7 16. Nb5 Rfd8 17. e4 Nf8 18. e5 Nd5 19. g3 {[%emt 0:03:24] Against Nf4} Ng6 {[%emt 0:09:05][%cal Od5f4] [#] Threatens to win with ...Ndf4!} 20. Ne4 Ndf4 $1 21. gxf4 Qh4 $1 22. Nxc5 Nxf4 23. Nxb7 Qg5+ $2 {[%emt 0:10:43][%mdl 8192] [#]} (23... Nxe2+ $11 {and Black stays safe.} 24. Bxe2 Rd2 25. Rxd2 Qg5+ 26. Kf1 Qxd2) 24. Kf1 $18 Qg2+ 25. Ke1 Nxe2 26. Rxd8+ $2 ({White has to play} 26. Nxd8 $18 Nxc1 27. Bxc1) 26... Rxd8 $11 27. Nxd8 Nxc1 28. Bxc1 {[%emt 0:00:50] Be3 is the strong threat.} Qh1+ 29. Bf1 $2 (29. Kd2 $11 Qxh2 30. Nd6 Qxf2+ 31. Kd1) 29... Qd5 $1 $19 30. Nxf7 Kxf7 31. Be3 Qxe5 (31... Qxb3 $19 {Hoping for ...Qb1+.} 32. Bc4 Qb1+ (32... Qxc4 $2 {too greedy.} 33. Nd6+ Kg6 34. Nxc4 $18) 33. Ke2 Qb2+ (33... Qc2+ $2 34. Ke1 $19) 34. Kf1 Qxe5) 32. h3 Qa1+ 33. Ke2 Qb1 34. f4 (34. b4 $17 {keeps fighting.}) 34... Qxb3 35. Kf2 Qc2+ 36. Be2 Qc6 37. Bh5+ Ke7 38. Be2 h6 39. Nd4 Qd5 40. Nb5 Qe4 41. Nd4 Qd5 (41... Qb1 $142 42. Nc6+ Kf8) 42. Nb5 $1 Qf5 43. Kg3 h5 44. h4 Qe4 {[%emt 0:00:41] Black is clearly winning.} 45. Kf2 Qh1 46. Bxb6 Qxh4+ 47. Ke3 Qg3+ 48. Ke4 Qg2+ {[%emt 0:00:57] Weighted Error Value: White=0.31/Black=0.21 (precise) .  Loses game:     	White=1     	Black=1      Missed win:     	White=1     	---        Mistake:       	White=1     	Black=2      Inaccurate:     	White=4     	Black=1      OK:         	White=13    	Black=19     Best:        	White=3     	Black=3      Strong:       	White=1     	Black=3} 0-1